 Dungeon Crawl Stone Soup version 0.26.0-10-g1f06aea511 (webtiles) character file.

Game seed: 11190113361711116413

278 Borgoz the Slasher (level 6, -6/51 HPs)
             Began as a Ghoul Gladiator on Jan 15, 2021.
             Mangled by a phantom (7 damage)
             ... on level 4 of the Dungeon.
             The game lasted 00:04:57 (3979 turns).

Borgoz the Slasher (Ghoul Gladiator)                Turns: 3979, Time: 00:04:58

Health: -6/51      AC:  6    Str: 18    XL:     6   Next: 26%
Magic:  5/5        EV: 12    Int:  3    God:
Gold:   247        SH:  3    Dex: 12    Spells: 5/5 levels left

rFire    . . .     SeeInvis .   a - +0 long sword
rCold    + . .     Faith    .   m - +0 buckler
rNeg     + + +     Spirit   .   b - +0 leather armour
rPois    ∞         Reflect  .   c - +0 helmet
rElec    .         Harm     .   (no cloak)
rCorr    +         Rampage  .   (no gloves)
Will     .....                  h - +1 pair of boots
Stlth    +.........             (no amulet)
HPRegen  0.00/turn              j - ring of resist corrosion
MPRegen  0.09/turn              (no ring)

@: no status effects
A: claws 1, cold resistance 1, negative energy resistance 3, inhibited
regeneration, torment resistance, unbreathing
a: no special abilities


You were on level 4 of the Dungeon.
You visited 1 branch of the dungeon, and saw 4 of its levels.

You collected 247 gold pieces.

Inventory:

Hand Weapons
 a - a +0 long sword (weapon)
Missiles
 d - 4 throwing nets (quivered)
Armour
 b - a +0 leather armour (worn)
 c - a +0 helmet (worn)
 h - a +1 pair of boots (worn)
 m - a +0 buckler (worn)
Jewellery
 j - a ring of resist corrosion (left claw)
Scrolls
 e - a scroll of identify
 f - 2 scrolls of remove curse
 l - a scroll of enchant armour
Potions
 g - a potion of cancellation
 i - 2 potions of ambrosia
 k - a potion of resistance


   Skills:
 + Level 3.4 Fighting
 * Level 4.2 Long Blades
 - Level 1.7 Throwing
 + Level 1.8 Armour
 * Level 4.2 Dodging


You had 5 spell levels left.
You didn't know any spells.
Your spell library was empty.

Dungeon Overview and Level Annotations

Branches:
Dungeon (4/15)
 Temple: D:4-7

Altars:
Ashenzari
Nemelex Xobeh
Qazlal
Trog
Xom


Innate Abilities, Weirdness & Mutations

You thrive by killing the living.
You are immune to poison.
You have sharp fingernails.
Your flesh is cold resistant. (rC+)
You are immune to negative energy. (rN+++)
You do not regenerate when monsters are visible.
You are immune to unholy pain and torment.
You can survive without breathing.


Message History

You slash the phantom!
The phantom is almost destroyed.
The phantom barely misses you.
The phantom hits you but does no damage.
You hit the phantom but do no damage.
The phantom is almost destroyed.
The phantom hits you.
* * * LOW HITPOINT WARNING * * *
The phantom blinks!
The phantom blinks!
You barely miss the phantom.
The phantom is almost destroyed.
The phantom hits you.
* * * LOW HITPOINT WARNING * * *
You completely miss the phantom.
The phantom is almost destroyed.
The phantom misses you.
You riposte.
You closely miss the phantom.
The phantom is almost destroyed.
The phantom hits you!
You die...

...# ...# ....
###..###
#....#.##
##.......###
#...W......##
..#..[@.......#
..............#
..........(..##
......##.....#
......###.(###
.......#...#
.........###
...#...#..#
......#..#


You could see a phantom.

Vanquished Creatures
  A scorpion (D:4)
  An orc priest (D:3)
  2 orc wizards (D:4)
  An adder (D:2)
  2 oozes (D:3)
  An adder skeleton (D:4)
  3 worms
  6 dart slugs
  6 leopard geckos
  7 orcs
  A ball python (D:1)
  7 giant cockroaches
  6 hobgoblins
  3 jackals (D:2)
  3 kobolds
  12 bats
  A frilled lizard (D:1)
  14 goblins
  12 rats
89 creatures vanquished.

Vanquished Creatures (others)
  A goblin (D:2)
1 creature vanquished.

Grand Total: 90 creatures vanquished

Notes
Turn   | Place    | Note
-------+----------+-------------------------------------------
     0 | D:1      | Borgoz the Ghoul Gladiator began the quest for the Orb.
     0 | D:1      | Reached XP level 1. HP: 17/17 MP: 0/0
    66 | D:1      | Reached XP level 2. HP: 21/24 MP: 1/1
   475 | D:1      | Reached XP level 3. HP: 30/30 MP: 2/2
  1479 | D:2      | Reached skill level 1 in Armour
  1751 | D:2      | Found a stormy altar of Qazlal.
  1908 | D:2      | Reached XP level 4. HP: 37/37 MP: 3/3
  1968 | D:2      | Found a shimmering altar of Xom.
  2462 | D:2      | Found a sparkling altar of Nemelex Xobeh.
  2596 | D:3      | Found a broken altar of Ashenzari.
  2860 | D:3      | Reached XP level 5. HP: 41/44 MP: 4/4
  2911 | D:3      | Found a bloodstained altar of Trog.
  3873 | D:4      | Noticed a phantom
  3886 | D:4      | Reached XP level 6. HP: 47/51 MP: 5/5
  3978 | D:4      | HP: 1/51 [phantom (6)]
  3979 | D:4      | Mangled by a phantom

Illustrated notes

Levels and vault maps discovered:
D:1:      ebering_trefoil_twist, layout_basic, minmay_rat_gold_closets
D:2:      layout_loops_ring, nemelex_xobeh_ov_fountains_minmay,
          nicolae_qazlal_eye_of_the_storm, nicolae_overflow_crystal_walls,
          minmay_goblin_outpost
D:3:      layout_basic, marbit_many_paths, nicolae_overflow_hidden_temple,
          lemuel_another_geyser, uniq_crazy_yiuf_cottage
D:4:      layout_cave_pools

Skill      XL: |  1  2  3  4  5 |
---------------+----------------+-----
Long Blades    | 3 4 |  4.2
Dodging        | 3 4 |  4.2
Armour         | 1 |  1.8
Fighting       | 3 |  3.4
Throwing       | |  1.7

Action                   |  1- 3 |  4- 6 || total
-------------------------+-------+-------++-------
Melee: Long sword        |   110 |   185 ||   295
Throw: Throwing net      |       |     1 ||     1
  Use: Scroll            |     7 |     4 ||    11
       Potion            |     1 |       ||     1
Armor: Leather armour    |    35 |    70 ||   105
Dodge: Dodged            |   103 |   140 ||   243
Block: Buckler           |       |     3 ||     3
       Rpst.: Long sword |    24 |    52 ||    76
